Map: Port Aleksander LE

Players

Ealianis - Winner!

  • Race: Protoss Protoss
  • League: Silver
  • Spawn Location: 5:00

Throwfordays

  • Race: Protoss Protoss
  • League: Silver
  • Spawn Location: 11:00

VOD

Have the link to the VOD?

Description

Time

  • Played on: April 3, 2019, 3:12 p.m.
  • Length: 5:51
Show
View Real Time Build Order
Export as new Build Order

Ealianis Protoss - Winner!

Build Orders:  

Get SALT Encoding   

  12  0:01  Probe  
  13  0:13  Probe  
  14  0:25  Probe  
  14  0:27  Pylon  
  15  0:33  Assimilator  
  15  0:42  Probe  
  16  0:50  Probe  
  16  0:57  Assimilator  
  17  1:00  Probe  
  17  1:03  Gateway  
  18  1:16  Probe  
  19  1:28  Probe  
  20  1:40  Probe  
  21  1:51  Cybernetics Core  
  21  1:52  Probe  
  22  2:04  Probe  
  23  2:13  Pylon  
  23  2:32  Stargate  
  23  2:35  Stargate  
  23  2:50  Stalker  
  25  3:05  Void Ray  
  25  3:17  Nexus  
  29  3:26  Pylon  
  29  3:33  Void Ray  
  29  3:39  Void Ray  
  33  3:52  Pylon  
  37  3:56  Probe  
  38  4:08  Probe  
  39  4:21  Probe  
  40  4:26  Void Ray  
  40  4:29  Probe  
  45  4:41  Probe  
  46  4:53  Probe  
  47  5:00  Void Ray  
  47  5:05  Probe  
Show
View Real Time Build Order
Export as new Build Order

Throwfordays Protoss 

Build Orders: Double Forge 

Get SALT Encoding   

  12  0:02  Probe  
  14  0:14  Probe  
  14  0:21  Pylon  
  14  0:26  Probe  
  15  0:35  Probe  
  16  0:43  Probe  
  16  0:45  Gateway  
  17  0:54  Probe  
  18  0:58  Assimilator  
  18  1:06  Probe  
  19  1:15  Gateway  
  19  1:18  Probe  
  20  1:29  Pylon  
  20  1:32  Cybernetics Core  
  20  1:38  Probe  
  21  1:42  Assimilator  
  21  1:49  Warp Gate  
  21  1:54  Forge  
  21  2:00  Probe  
  22  2:12  Probe  
  23  2:24  Probe  
  24  2:36  Probe  
  25  2:37  Nexus  
  25  3:11  Probe  
  26  3:14  Assimilator  
  26  3:15  Adept x2  
  26  3:16  Assimilator  
  30  3:21  Probe  
  31  3:27  Pylon  
  31  3:29  Protoss Ground Weapons Level 1  
  31  3:37  Pylon  
  31  3:44  Probe  
  31  3:46  Probe  
  32  3:48  Pylon  
  32  3:54  Probe  
  33  3:56  Probe  
  35  4:04  Probe  
  35  4:08  Probe  
  37  4:16  Probe  
  38  4:20  Probe  
  39  4:26  Twilight Council  
  39  4:28  Probe  
  39  4:29  Forge  
  40  4:32  Probe  
  41  4:40  Probe  
  41  4:45  Probe  
  43  4:46  Stalker x2  
  43  4:52  Probe  
  43  4:57  Probe  
  42  5:12  Stalker x2  
  20  5:36  Stalker x2  
  20  5:41  Gateway  
  22  5:43  Gateway  
Tags
 
Matchup
PvP
Replay Pack
Multiplayer
Spawn Locations
Cross Positions
Add a new tag
Caveats
  • Supply blocks, unpowered buildings, or Contaminate may cause inaccurate times.
  • Supply counts are checked every 10 seconds.